Map: Simulacrum LE

Players

bleu

  • Race: Zerg Zerg
  • League: Diamond
  • Spawn Location: 5:00

A.I. 1 (Very Easy) - Winner!

  • Race: Zerg Zerg
  • Spawn Location: 11:00

VOD

Have the link to the VOD?

Description

Time

  • Played on: March 25, 2020, 2:04 a.m.
  • Length: 4:22
Show
View Real Time Build Order
Export as new Build Order

bleu Zerg 

Build Orders: Hatch First 

Get SALT Encoding   

  12  0:01  Drone  
  13  0:12  Overlord  
  13  0:17  Drone  
  14  0:30  Drone x2  
  16  0:48  Hatchery  
  15  0:51  Drone  
  15  0:55  Drone  
  17  0:59  Drone  
  18  1:09  Extractor  
  17  1:14  Spawning Pool  
  17  1:17  Drone  
  17  1:20  Drone  
  18  1:28  Drone  
  19  1:38  Drone  
  20  1:49  Overlord  
  20  2:00  Queen x2  
  25  2:01  Zergling x4  
  26  2:11  Drone x2  
  26  2:14  Metabolic Boost  
  28  2:21  Drone  
  28  2:22  Drone  
  30  2:38  Hatchery  
  30  2:43  Drone x2  
  31  2:50  Queen  
  33  2:55  Overlord  
  33  2:58  Drone  
  34  3:00  Drone  
  34  3:05  Pneumatized Carapace  
  35  3:08  Drone  
  36  3:13  Drone x2  
  36  3:14  Drone  
  36  3:18  Drone  
  40  3:20  Overlord  
  40  3:23  Drone  
  40  3:25  Drone  
  42  3:30  Queen  
  44  3:35  Overlord  
  44  3:38  Zergling x2  
  44  3:39  Zergling x2  
  46  3:43  Drone x2  
  46  3:44  Drone  
  46  3:47  Drone  
  50  3:53  Drone  
  50  3:54  Drone  
  54  4:00  Drone x4  
  54  4:02  Drone  
  59  4:04  Drone  
Show
View Real Time Build Order
Export as new Build Order

A.I. 1 (Very Easy) Zerg - Winner!

Build Orders: Pool Only 

Get SALT Encoding   

  12  0:00  Drone  
  13  0:12  Overlord  
  13  0:16  Drone  
  14  0:36  Spawning Pool  
  14  0:37  Extractor  
  14  0:40  Drone  
  13  0:47  Drone  
  14  0:53  Overlord  
  14  1:23  Zergling x2  
  14  1:24  Queen  
  17  1:33  Roach Warren  
  17  1:35  Drone  
  17  1:40  Extractor  
  17  1:43  Zergling x2  
  17  1:44  Drone  
  18  1:57  Drone  
  19  2:04  Zergling x2  
  19  2:08  Drone  
  21  2:18  Drone  
  22  2:29  Drone  
  23  2:31  Overlord  
  23  2:36  Drone  
  24  2:43  Drone  
Tags
 
League
Diamond
Matchup
ZvZ
Race
Zerg
Spawn Locations
Cross Positions
Add a new tag
Caveats
  • Supply blocks, unpowered buildings, or Contaminate may cause inaccurate times.
  • Supply counts are checked every 10 seconds.